 Dungeon Crawl Stone Soup version 0.19.0-20-gbc5f0c6 (webtiles) character file.

12854 glitchdot the Basher (level 11, -7/115 HPs)
             Began as a Troll Fighter on Nov 16, 2016.
             Was a Priest of Nemelex Xobeh.
             Mangled by a death yak (25 damage)
             ... on level 3 of the Lair of Beasts on Nov 17, 2016.
             The game lasted 01:05:53 (9837 turns).

glitchdot the Basher (Troll Fighter)                Turns: 9837, Time: 01:05:53

Health: -7/115     AC:  9    Str: 25    XL:     11   Next: 67%
Magic:  10/10      EV: 17    Int:  6    God:    Nemelex Xobeh [***...]
Gold:   450        SH: 16    Dex: 15    Spells: 0 memorised, 10 levels left

rFire  . . .     SeeInvis .     e - +1 morningstar (holy)
rCold  . . .     Gourm    +     w - +0 troll leather armour
rNeg   . . .     Faith    .     c - +1 shield
rPois  .         Spirit   .     v - +0 hat {MR+}
rElec  .         Reflect  .     (no cloak)
rCorr  .         Harm     .     (gloves unavailable)
MR     +....                    (boots unavailable)
Stlth  ++........               h - amulet of the gourmand
                                r - +6 ring of dexterity
                                p - +4 ring of evasion

@: lethally poisoned (-7 -> -8)
A: unfitting armour, claws 3, horns 1, large bone plates 1, thin metallic scales
1, blurry vision 1, fast metabolism 3, gourmand, regeneration 1, robust 1,
shaggy fur 1, tough skin 2, weak 1
a: Triple Draw, Renounce Religion


You were on level 3 of the Lair of Beasts.
You worshipped Nemelex Xobeh.
Nemelex Xobeh was most pleased with you.
You were near starving.

You visited 3 branches of the dungeon, and saw 13 of its levels.
You also visited: Sewer.

You collected 571 gold pieces.
You spent 121 gold pieces at shops.

Inventory:

Hand Weapons
 e - a +1 morningstar of holy wrath (weapon)
 g - a +1 flail of electrocution
 l - a +1 dire flail of protection
Missiles
 y - 4 exploding tomahawks (quivered)
Armour
 c - a +1 shield (worn)
 f - the +1 robe "Xieplati" {rPois rF- Str+7 Dex+4}
   (You found it on level 6 of the Dungeon)

   It affects your strength (+7).
   It affects your dexterity (+4).
   It makes you vulnerable to fire.
   It protects you from poison.
 v - a +0 hat of magic resistance (worn)
 w - a +0 troll leather armour (worn)
Jewellery
 b - an uncursed ring of teleportation
 h - an amulet of the gourmand (around neck)
 m - a +5 ring of intelligence
 p - a +4 ring of evasion (left claw)
 r - a +6 ring of dexterity (right claw)
 s - an uncursed ring of flight
 C - a +3 ring of protection
Wands
 k - a wand of iceblast (5/15)
 u - a wand of confusion (16/48)
 D - a wand of iceblast (8/15)
 F - a wand of enslavement (10/24)
 H - a wand of lightning (11/15)
Scrolls
 i - a scroll of enchant weapon
 j - 6 scrolls of amnesia
 q - 3 scrolls of remove curse
 E - 3 scrolls of recharging
 G - 2 scrolls of summoning
 K - 3 scrolls of teleportation
Potions
 a - a potion of agility
 o - a potion of mutation
 x - 3 potions of curing
 z - a potion of haste
 L - a potion of cancellation
Books
 n - a book of Minor Magic

   Spells                             Type                      Level
   a - Magic Dart                     Conjuration                  1
   b - Blink                          Translocation                2
   c - Call Imp                       Summoning                    2
   d - Repel Missiles                 Charms/Air                   2
   e - Slow                           Hexes                        2
   f - Conjure Flame                  Conjuration/Fire             3
   g - Mephitic Cloud                 Conjuration/Poison/Air       3
 I - a book of Flames

   Spells                             Type                      Level
   a - Flame Tongue                   Conjuration/Fire             1
   b - Throw Flame                    Conjuration/Fire             2
   c - Conjure Flame                  Conjuration/Fire             3
   d - Inner Flame                    Hexes/Fire                   3
   e - Sticky Flame                   Conjuration/Fire             4
   f - Fireball                       Conjuration/Fire             5
Miscellaneous
 d - a plain deck of escape {drawn: 4}
 t - a plain deck of summoning {drawn: 8}
 B - a phial of floods (inert)


   Skills:
 + Level 6.2 Fighting
 + Level 10.0 Maces & Flails
 + Level 0.3 Throwing
 + Level 3.4 Armour
 + Level 7.0 Dodging
 + Level 2.8 Stealth
 + Level 8.4 Shields
 + Level 0.6 Invocations
 + Level 0.4 Evocations


You had 10 spell levels left.
You didn't know any spells.

Dungeon Overview and Level Annotations

Branches:
Dungeon (8/15)             Temple (1/1) D:7            Lair (4/6) D:8
  Swamp: Lair:2-4    Shoals: Lair:2-4     Snake: Lair:2-4    Spider: Lair:2-4

Altars:
Cheibriados
Dithmenos
Elyvilon
Fedhas
Gozag
Hepliaklqana
Kikubaaqudgha
Makhleb
Nemelex Xobeh
Okawaru
Qazlal
Ru
Sif Muna
Trog
Uskayaw
Vehumet
Xom
Yredelemnul
Zin
The Shining One

Shops:
D:5 }[**=   D:7 }

Annotations:
D:5 Shop


Innate Abilities, Weirdness & Mutations

You are too large for most types of armour.
You have claws for hands.
Your metabolism is lightning-fast.
You like to eat raw meat.
Your natural rate of healing is unusually fast.
You are covered in fur. (AC +1)
You have very tough skin. (AC +2)
You have a pair of small horns on your head.
You are partially covered in large bone plates. (SH +4)
You are partially covered in thin metallic scales. (AC +2)
Scrolls take you a little longer to read.
You are robust. (+10% HP)
You are weak. (Str -2)


Message History

The death yak closely misses you.
That item cannot be evoked!
Press: ? - help, v - describe, . - travel The floor, spattered with blood.
Really read with blurry vision while enemies are nearby?
Okay, then.
Evoke which item? (* to show all) (? for menu, Esc to quit)
You draw a card...
It is the Cloud.
Clouds appear around you!
You are near starving!
You feel sick. The death yak gores you!
* * * LOW HITPOINT WARNING * * *
The death yak gores you.
* * * LOW HITPOINT WARNING * * *
You block the death yak's attack.
Evoke which item? (* to show all) (? for menu, Esc to quit)
You draw a card...
It is the Rangers.
You feel sick.
The death yak gores you but does no damage.
The death yak gores you!!
You die...
Your body glows slightly and disappears.

.....## # #.#...####
### # P........###.# #
...#####.....## # ..##
###.#..# ##### ..#
###..##### #..... .##
##..§Fc## ###..... .#
####YYP#.#####.#.....
#@Y§..#§§§....#.#.
#§cc.........###..
P............##...
....P#.###.#.......
............#.......
..........#..........
................#P....
....###......P......%..
#..#....#....?....


You could see 3 death yaks, a spiny frog and 3 friendly yaktaurs.

Vanquished Creatures
  A catoblepas (Lair:3)
  A queen ant (Lair:2)
  3 spiny frogs
  3 komodo dragons
  Prince Ribbit (D:6)
  2 hippogriffs
  3 blink frogs (Lair:2)
  A shadow (D:8)
  2 wyverns
  A yak (D:8)
  3 soldier ants (Lair:2)
  5 water moccasins
  2 porcupines
  Purgy (Sewer)
  2 orc warriors
  A sky beast (D:5)
  3 ogres
  A black bear (D:6)
  4 ice beasts
  An eye of draining (D:8)
  11 crocodiles
  2 big kobolds (D:8)
  8 bullfrogs
  A gnoll sergeant (D:7)
  A scorpion (D:6)
  4 wights (D:6)
  6 killer bees (D:8)
  4 howler monkeys
  A quasit (D:8)
  A bullfrog zombie (D:7)
  4 orc priests
  A jelly (D:5)
  A hound (D:6)
  3 iguanas
  13 orc wizards
  26 worker ants
  A hound skeleton (D:5)
  A howler monkey zombie (D:5)
  3 gnolls (D:7)
  7 river rats
  5 adders
  3 shadow imps
  An ooze (D:5)
  5 worms
  2 dart slugs (D:1)
  9 leopard geckos
  36 orcs
  A ball python (D:4)
  6 giant cockroaches
  11 goblins
  6 hobgoblins
  5 jackals
  21 kobolds
  3 quokkas
  13 bats
  6 frilled lizards
  A leopard gecko skeleton (D:4)
  21 rats
  A fungus (Lair:2)
296 creatures vanquished.

Vanquished Creatures (collateral kills)
  Gastronok (Lair:3)
  A hydra (Lair:2)
  A black mamba (Lair:1)
  A spiny frog (Lair:2)
  A polar bear (Lair:2)
  A blink frog (Lair:2)
  2 hippogriffs
  3 soldier ants (Lair:2)
  A porcupine (Lair:2)
  2 water moccasins (Lair:3)
  A bullfrog (Lair:1)
  7 worker ants (Lair:2)
22 creatures vanquished.

Vanquished Creatures (others)
  A kobold (D:8)
  14 fungi (D:8)
  4 plants
19 creatures vanquished.

Grand Total: 337 creatures vanquished

Notes
Turn   | Place    | Note
-------+----------+-------------------------------------------
     0 | D:1      | glitchdot the Troll Fighter began the quest for the Orb.
     0 | D:1      | Reached XP level 1. HP: 22/22 MP: 0/0
   265 | D:1      | Reached XP level 2. HP: 29/29 MP: 1/1
   301 | D:1      | Reached skill level 2 in Maces & Flails
   789 | D:2      | Reached XP level 3. HP: 36/36 MP: 2/2
  1406 | D:2      | Found a radiant altar of Vehumet.
  1678 | D:2      | Reached XP level 4. HP: 44/44 MP: 3/3
  2188 | D:3      | Noticed a bullfrog
  2205 | D:3      | Killed a bullfrog
  2205 | D:3      | Reached skill level 3 in Maces & Flails
  2205 | D:3      | Reached XP level 5. HP: 9/52 MP: 4/4
  3311 | D:4      | Reached XP level 6. HP: 52/61 MP: 5/5
  3407 | D:4      | Reached skill level 4 in Maces & Flails
  3623 | D:5      | Entered Level 5 of the Dungeon
  3623 | D:5      | Found Hiux's Gadget Emporium.
  3667 | D:5      | Found Xiysyl's Armour Boutique.
  3775 | D:5      | Noticed a sky beast
  3785 | D:5      | Killed a sky beast
  3785 | D:5      | Reached XP level 7. HP: 36/67 MP: 6/6
  3841 | D:5      | Found Naunwof's Jewellery Shoppe.
  3919 | D:5      | Found a sparkling altar of Nemelex Xobeh.
  3932 | D:5      | Became a worshipper of Nemelex Xobeh the Trickster
  4032 | D:5      | Received a gift from Nemelex Xobeh
  4155 | D:5      | Found Ziediad's General Store.
  4161 | D:5      | Bought a bread ration for 65 gold pieces
  4204 | D:5      | Found Kann's Assorted Antiques.
  4310 | D:5      | Reached skill level 5 in Maces & Flails
  4526 | D:5      | Bought a scroll of identify for 56 gold pieces
  4542 | D:5      | Gained mutation: You are robust. (+10% HP) [potion of mutation]
  4542 | D:5      | Gained mutation: You are partially covered in large bone plates. (SH +4) [potion of mutation]
  4542 | D:5      | Gained mutation: You have a pair of small horns on your head. [potion of mutation]
  4776 | D:6      | Reached XP level 8. HP: 66/83 MP: 7/7
  4845 | D:6      | Reached skill level 1 in Stealth
  4904 | D:6      | Got a crude robe
  4916 | D:6      | Identified the cursed +1 robe "Xieplati" {rPois rF- Str+7 Dex+4} (You found it on level 6 of the Dungeon)
  4934 | D:6      | Noticed Prince Ribbit
  5001 | D:7      | Reached skill level 5 in Shields
  5003 | D:7      | Reached skill level 6 in Maces & Flails
  5094 | D:6      | Killed Prince Ribbit
  5185 | D:6      | Reached * piety under Nemelex Xobeh
  5366 | D:6      | Found a glowing drain.
  5370 | Sewer    | Entered a sewer
  5409 | Sewer    | Noticed Purgy
  5419 | Sewer    | Killed Purgy
  5419 | Sewer    | Reached XP level 9. HP: 80/92 MP: 8/8
  5629 | D:7      | Found Heoczofa's Gadget Shop.
  5663 | D:7      | Reached skill level 7 in Maces & Flails
  5765 | D:7      | Reached skill level 5 in Dodging
  5994 | D:7      | Found a staircase to the Ecumenical Temple.
  6003 | Temple   | Entered the Ecumenical Temple
  6373 | D:7      | Found an iron altar of Okawaru.
  6485 | D:7      | Noticed an angel
  6486 | D:7      | Found a glowing silver altar of Zin.
  6725 | D:8      | Reached ** piety under Nemelex Xobeh
  6951 | D:8      | Found a shadowy altar of Dithmenos.
  7002 | D:7      | Reached skill level 8 in Maces & Flails
  7282 | D:8      | Reached skill level 5 in Fighting
  7282 | D:8      | Reached XP level 10. HP: 105/105 MP: 9/9
  7333 | D:8      | Found a staircase to the Lair.
  7341 | Lair:1   | Entered Level 1 of the Lair of Beasts
  7475 | Lair:1   | Noticed a black mamba
  7506 | Lair:1   | Received a gift from Nemelex Xobeh
  7557 | Lair:1   | Killed a black mamba
  7557 | Lair:1   | Reached skill level 1 in Armour
  7594 | Lair:1   | Noticed a spiny frog
  7775 | Lair:1   | Noticed a spiny frog
  7783 | Lair:1   | Killed a spiny frog
  7935 | Lair:1   | Killed a spiny frog
  8232 | Lair:2   | Found a shimmering altar of Xom.
  8307 | Lair:2   | Noticed a spiny frog
  8319 | Lair:2   | Killed a spiny frog
  8319 | Lair:2   | Reached skill level 9 in Maces & Flails
  8386 | Lair:2   | Reached *** piety under Nemelex Xobeh
  8561 | Lair:2   | Noticed a four-headed hydra
  8563 | Lair:2   | Noticed a spiny frog
  8564 | Lair:2   | Gained mutation: You are weak. (Str -2) [potion of mutation]
  8564 | Lair:2   | Gained mutation: Scrolls take you a little longer to read. [potion of mutation]
  8564 | Lair:2   | Gained mutation: You are partially covered in thin metallic scales. (AC +2) [potion of mutation]
  8742 | Lair:3   | Noticed Gastronok
  8760 | Lair:3   | Received a gift from Nemelex Xobeh
  8783 | Lair:3   | Killed Gastronok
  8783 | Lair:3   | Reached XP level 11. HP: 77/115 MP: 10/10
  8821 | Lair:3   | Noticed a catoblepas
  8840 | Lair:3   | Killed a catoblepas
  8932 | Lair:2   | Killed a four-headed hydra
  9478 | Lair:2   | Noticed a queen ant
  9542 | Lair:2   | Killed a queen ant
  9542 | Lair:2   | Reached skill level 10 in Maces & Flails
  9825 | Lair:4   | Noticed a death yak
  9825 | Lair:4   | Noticed a death yak
  9825 | Lair:4   | Noticed a death yak
  9825 | Lair:4   | Noticed a death yak
  9825 | Lair:4   | Noticed a death yak
  9825 | Lair:4   | Noticed a death yak
  9837 | Lair:3   | Mangled by a death yak

Skill      XL: |  1  2  3  4  5  6  7  8  9 10 11 |
---------------+----------------------------------+-----
Maces & Flails | 2 3 4 5 6 8 9 10 | 10.0
Shields        | 3 4 5 6 7 8 |  8.4
Dodging        | 3 4 5 6 7 |  7.0
Fighting       | 3 4 5 6 |  6.2
Stealth        | 1 2 |  2.8
Armour         | 2 3 |  3.4
Throwing       | |  0.3
Invocations    | |  0.6
Evocations     | |  0.4

Action                   |  1- 3 |  4- 6 |  7- 9 | 10-12 || total
-------------------------+-------+-------+-------+-------++-------
Melee: Flail             |   181 |   311 |   352 |   136 ||   980
       Headbutt          |       |       |   101 |    90 ||   191
       Morningstar       |       |       |       |   204 ||   204
Throw: Tomahawk          |       |       |     5 |       ||     5
Evoke: Deck              |       |       |     3 |    15 ||    18
       Wand              |       |       |     1 |     2 ||     3
       Phial of floods   |       |       |       |     1 ||     1
  Use: Scroll            |     6 |     5 |     6 |     9 ||    26
       Potion            |     1 |       |     6 |    12 ||    19
 Stab: Sleeping          |     2 |       |    10 |     1 ||    13
       Distracted        |       |       |       |     3 ||     3
       Petrifying        |       |       |       |     2 ||     2
       Petrified         |       |       |       |     1 ||     1
  Eat: Bread ration      |     3 |     2 |     4 |     2 ||    11
       Meat ration       |       |     2 |     3 |       ||     5
       Chunk             |       |     1 |       |    12 ||    13
       Pizza             |       |     1 |       |       ||     1
       Royal jelly       |       |       |     1 |       ||     1
Armor: Robe              |    66 |    61 |    41 |       ||   168
       Troll leather arm |       |       |     6 |    52 ||    58
Dodge: Dodged            |    48 |   142 |   184 |   178 ||   552
Block: Shield            |   105 |   158 |   337 |   337 ||   937
